 Dungeon Crawl Stone Soup version 0.27.1-37-g7b29ead8ac (webtiles) character file.

Game seed: 9109387032135826597

304 AarnesTheHuman the Changer (level 6, -5/64 HPs)
             Began as a Merfolk Transmuter on Aug 28, 2023.
             Slain by a yak (12 damage)
             ... on level 5 of the Dungeon.
             The game lasted 00:05:51 (4967 turns).

AarnesTheHuman the Changer (Merfolk Transmuter)     Turns: 4967, Time: 00:05:52

Health: -5/64      AC: 30    Str: 11    XL:     6   Next: 38%
Magic:  10/10      EV:  2    Int: 14    God:
Gold:   192        SH:  0    Dex: 14    Spells: 5/11 levels left

rFire    . . .     SeeInvis .   a - +0 glaive (protect)
rCold    . . .     Faith    .   (shield currently unavailable)
rNeg     + + +     Spirit   .   (armour currently unavailable)
rPois    +         Reflect  .   (helmet currently unavailable)
rElec    .         Harm     .   (cloak currently unavailable)
rCorr    .         Rampage  .   (gloves currently unavailable)
Will     .....     NoTele   +   (boots currently unavailable)
Stlth    ++........             (no amulet)
HPRegen  0.20/turn              m - ring of poison resistance
MPRegen  0.12/turn              (no ring)

@: tree-form, wereblooded (expiring), under a protective aura
A: stationary, stasis, torment immunity, boosted hp, (nimble swimmer 2),
(mertail)
a: no special abilities


You were on level 5 of the Dungeon.
You were a tree.
You visited 1 branch of the dungeon, and saw 5 of its levels.

You collected 192 gold pieces.

Inventory:

Hand Weapons
 a - a +0 glaive of protection (weapon)
 r - a +4 whip
Missiles
 e - 15 poisoned darts
 f - 97 stones
 o - 4 datura-tipped darts
 p - 3 boomerangs
Armour
 k - a +0 cloak (melded)
 q - a +1 leather armour of cold resistance (melded)
Jewellery
 m - a ring of poison resistance (left branch)
Wands
 l - a wand of polymorph (6)
Scrolls
 b - 2 scrolls of amnesia
 g - 2 scrolls of teleportation
Potions
 h - 3 potions of curing
 j - 2 potions of flight
 n - 2 potions of lignification


   Skills:
 - Level 1.1 Fighting
 - Level 3.0 Dodging
 - Level 1.0 Stealth
 - Level 3.2 Unarmed Combat
 - Level 3.0 Spellcasting
 + Level 6.6 Transmutations
 - Level 3.0 Poison Magic


You had 5 spell levels left.
You knew the following spells:

 Your Spells              Type           Power      Damage    Failure   Level
a - Beastly Appendage     Tmut           40%        N/A       1%          1
b - Wereblood             Tmut           20%        N/A       1%          2
c - Spider Form           Tmut/Pois      7%         N/A       9%          3

Your spell library contained the following spells:

 Spells                   Type           Power      Damage    Failure   Level
 Blink                    Tloc           N/A        N/A       32%         2
 Sublimation of Blood     Necr           1%         N/A       32%         2
 Ice Form                 Ice/Tmut       11%        N/A       47%         4
 Lesser Beckoning         Tloc           1%         N/A       54%         3
 Manifold Assault         Tloc           2%         N/A       99%         5
 Summon Hydra             Summ           1%         N/A       100%        7


Dungeon Overview and Level Annotations

Branches:
Dungeon (4/15)
 Temple: D:4-7

Altars:

Annotations:
D:3 exclusion: downstairs


Innate Abilities, Weirdness & Mutations

You are a tree.
Your roots penetrate the ground, keeping you stationary.
You cannot be teleported.
You are immune to unholy pain and torment.
Your maximum health is greatly increased.
Your equipment is partially melded.
((You are quick and stealthy near water. (Stealth+, EV+, Speed+++)))
((Your lower body shifts to a powerful aquatic tail in water.))


Message History

It is a scroll of identify.
j - 2 potions of flight The yak gores you but does no damage.
The yak gores you. The yak gores you but does no damage.
As you read the scroll labelled VAGHOSCH VEMA, it crumbles to dust.
You feel a strange sense of stasis.
It was a scroll of teleportation.
The yak gores you.
The yak gores you but does no damage. x2
As you read the scroll labelled CAMULETWONOLA, it crumbles to dust.
The scroll dissolves into smoke.
It was a scroll of fog.
The yak gores you but does no damage. x3
As you read the scroll labelled KANINTIOLU, it crumbles to dust.
It is a scroll of enchant armour.
Really abort (and waste the scroll)?
Okay, then.
The yak gores you but does no damage. x3
You hit the yak but do no damage.
Your weapon exudes an aura of protection.
The yak gores you. The yak barely misses you.
The yak gores you but does no damage. The yak gores you.
The yak gores you but does no damage.
You slash the yak!
The yak is moderately wounded.
Your primal bloodlust is almost over.
The yak gores you but does no damage. x3; The yak gores you.
The yak gores you but does no damage. x2
You barely miss the yak.
The yak is moderately wounded.
The yak gores you but does no damage. x4
You closely miss the yak.
The yak is moderately wounded.
The yak gores you!
* * * LOW HITPOINT WARNING * * *
The yak gores you but does no damage. x2; The yak gores you!
* * * LOW HITPOINT WARNING * * *
The yak gores you but does no damage.
You slash the yak!
Your weapon exudes an aura of protection.
The yak is heavily wounded.
The yak gores you!
You die...

#.#. #.#. ###.#.
..... ....### #§§§§
#.###§§Y#######
#....§§♣YY.....
############Y#§#####
...........§§# !.
#########....# #.#
#....# # #....#
######


You could see 4 yaks.

Vanquished Creatures
  A necrophage (D:4)
  A scorpion (D:4)
  A centaur skeleton (D:4)
  2 adders
  An ufetubus (D:4)
  An adder skeleton (D:4)
  3 worms (D:2)
  A dart slug (D:3)
  13 orcs
  9 ball pythons
  9 endoplasms
  7 hobgoblins
  2 jackals (D:4)
  3 kobolds
  6 quokkas
  7 bats
  4 frilled lizards (D:1)
  4 goblins
  5 rats
80 creatures vanquished.

Notes
Turn   | Place    | Note
-------+----------+-------------------------------------------
     0 | D:1      | AarnesTheHuman the Merfolk Transmuter began the quest for
                  | the Orb.
     0 | D:1      | Reached XP level 1. HP: 15/15 MP: 3/3
   222 | D:1      | Reached skill level 3 in Transmutations
   222 | D:1      | Reached XP level 2. HP: 13/21 MP: 5/5
   356 | D:1      | Reached skill level 1 in Stealth
   853 | D:1      | Found a faded altar of an unknown god.
  1143 | D:1      | Reached XP level 3. HP: 26/26 MP: 4/6
  1146 | D:1      | Learned a level 2 spell: Wereblood
  1819 | D:2      | Reached skill level 4 in Transmutations
  2847 | D:3      | Reached XP level 4. HP: 32/32 MP: 4/8
  3153 | D:3      | Reached skill level 5 in Transmutations
  3157 | D:3      | Learned a level 3 spell: Spider Form
  4215 | D:4      | Reached skill level 1 in Poison Magic
  4215 | D:4      | Reached XP level 5. HP: 35/37 MP: 6/9
  4472 | D:4      | Noticed a necrophage
  4474 | D:4      | Noticed a phantom
  4485 | D:4      | Killed a necrophage
  4486 | D:4      | Reached skill level 6 in Transmutations
  4486 | D:4      | Reached XP level 6. HP: 36/43 MP: 8/10
  4937 | D:4      | You fall into a shaft and drop 1 floor!
  4937 | D:5      | Entered Level 5 of the Dungeon
  4949 | D:5      | Noticed a yak
  4949 | D:5      | Noticed a yak
  4951 | D:5      | Noticed a yak
  4954 | D:5      | Noticed a yak
  4967 | D:5      | Slain by a yak

Illustrated notes

Levels and vault maps discovered:
D:1:      wander_arrival_peaceful_grave, layout_loops_ring,
          ebering_ecumenical_altar_abandoned
D:2:      minmay_skewed_foursquare, layout_loops_corners
D:3:      layout_loops_ring, dk_noncrumbling_3
D:4:      layout_loops_corners
D:5:      layout_basic

Skill      XL: |  1  2  3  4  5  6 |
---------------+-------------------+-----
Transmutations | 3 4 5 6 |  6.6
Stealth        | 1 |  1.0
Spellcasting   | 3 |  3.0
Dodging        | 3 |  3.0
Poison Magic   | 1 2 3 |  3.0
Fighting       | |  1.1
Unarmed Combat | |  3.2

Action                   |  1- 3 |  4- 6 || total
-------------------------+-------+-------++-------
Melee: Glaive            |   113 |   139 ||   252
       Unarmed           |     3 |       ||     3
       Headbutt          |     5 |    12 ||    17
 Cast: Beastly Appendage |    26 |    17 ||    43
       Wereblood         |     8 |     7 ||    15
  Use: Scroll            |       |     5 ||     5
       Potion            |       |     2 ||     2
 Stab: Sleeping          |     8 |     5 ||    13
Armor: Robe              |    26 |    18 ||    44
       Leather armour    |       |    30 ||    30
       Skin              |       |    37 ||    37
Dodge: Dodged            |    70 |   116 ||   186
